 Dungeon Crawl Stone Soup version 0.29-a0-322-g68df515428 (webtiles) character file.

Game seed: 358690477421194267

100 DuloT34 the Chopper (level 4, -1/37 HPs)
             Began as a Palentonga Abyssal Knight on Apr 6, 2022.
             Was a Priest of Lugonu.
             Killed from afar by an orc wizard (7 damage)
             ... with a magic dart
             ... on level 3 of the Dungeon.
             The game lasted 00:05:46 (2966 turns).

DuloT34 the Chopper (Palentonga Abyssal Knight)     Turns: 2966, Time: 00:05:49

Health: -1/37      AC:  4    Str: 16    XL:     4   Next: 46%
Magic:  14/14      EV: 10    Int: 11    God:    Lugonu [***...]
Gold:   97         SH:  0    Dex: 12    Spells: 3/3 levels left

rFire   . . .      SeeInvis +   a - +1 hand axe
rCold   . . .      Faith    .   (no shield)
rNeg    . . .      Spirit   .   b - +0 leather armour
rPois   .          Reflect  .   (no helmet)
rElec   .          Harm     .   (no cloak)
rCorr   .          Rampage  .   (no gloves)
Will    .....                   (no barding)
Stlth   +.........              d - amulet of the acrobat
HPRegen 0.12/turn               c - ring of magical power
MPRegen 0.14/turn               (no ring)

@: no status effects
A: large, rugged brown scales 3, see invisible, deformed body, roll 1, armoured
tail
a: Rolling Charge, Renounce Religion, Depart the Abyss, Bend Space, Banish


You were on level 3 of the Dungeon.
You worshipped Lugonu.
Lugonu was most pleased with you.
You visited 1 branch of the dungeon, and saw 3 of its levels.
You visited the Abyss 1 time.

You collected 97 gold pieces.

Inventory:

Hand Weapons
 a - a +1 hand axe (weapon)
Armour
 b - a +0 leather armour (worn)
Jewellery
 c - a ring of magical power (left hand)
 d - an amulet of the acrobat (around neck)
Scrolls
 g - 2 scrolls of teleportation {unknown}
 h - 2 scrolls of amnesia {unknown}
Potions
 e - a potion of mutation {unknown}
 f - a potion of ambrosia {unknown}


   Skills:
 - Level 3.0 Fighting
 + Level 3.6 Axes
 - Level 1.5 Armour
 + Level 2.5 Dodging
 - Level 2.0 Invocations


You had 3 spell levels left.
You didn't know any spells.
Your spell library contained the following spells:

 Spells                   Type           Power      Damage    Failure   Level
 Static Discharge         Conj/Air       0%         N/A       54%         2
 Dispel Undead            Necr           0%         3d6       99%         4
 Sticky Flame             Conj/Fire      0%         2d3       99%         4


Dungeon Overview and Level Annotations

Branches:
Dungeon (3/15)

Altars:


Innate Abilities, Weirdness & Mutations

You are completely covered in rugged brown scales. (AC +3, +7% HP)
You have supernaturally acute eyesight. (SInv)
Armour fits poorly on your strangely shaped body.
You can roll at nearby foes to attack.
You have a long armoured tail.


Message History

The kobold shouts!
A kobold is nearby!
The kobold misses you.
You hit the kobold.
You kill the kobold!
Lugonu accepts your kill.
You can now banish your foes.
No target in view!
Found a stone staircase leading up.
An orc comes into view. It is wielding a +0 hand axe.
An orc wizard comes into view.
It is wielding a +0 dagger of distortion.
The orc wizard shouts!
The orc shouts!
You hear a shout!
An orc comes into view. It is wielding a +0 hand axe.
You closely miss the orc wizard.
The orc wizard hits you but does no damage.
You blink.
An orc comes into view. It is wielding a +0 club.
The orc wizard misses you.
You slash the orc wizard!
The orc wizard is severely wounded.
The orc wizard casts a spell at you. The puff of flame hits you!
You hit the orc wizard.
The orc wizard is almost dead.
The orc wizard hits you with a +0 dagger of distortion.
Space warps around you.
You hit the orc wizard.
Your tail-slap misses the orc wizard.
The orc wizard is almost dead.
The orc wizard casts a spell at you. The magic dart hits you!
You are too injured to fight recklessly!
Okay, then.
Okay, then.
You hit the orc wizard but do no damage.
The orc wizard is almost dead.
The orc wizard hits you with a +0 dagger of distortion.
Space warps around you.
* * * LOW HITPOINT WARNING * * *
The orc wizard gestures at you while chanting.
The magic dart hits you!
You die...

#.##.....#.#.#
#.##.....#.#.#
####............#
#<..............#
####.####.......#
#.####.......####
#...######.#....#
#.#####...#.......)##..
#.oooo@...#........##..
#######...#........##..
#...#........##..
######.....#.##..
#...........
######..##.. #......
#...... #......


You could see an orc wizard and 3 orcs.

Vanquished Creatures
  3 adders
  A gnoll (D:1)
  A worm (D:2)
  A dart slug (D:1)
  4 endoplasms
  A giant cockroach (D:1)
  4 goblins
  4 hobgoblins
  4 jackals (D:1)
  8 kobolds
  A quokka (D:1)
  7 ball pythons
  7 bats
  4 frilled lizards
  7 rats
57 creatures vanquished.

Notes
Turn   | Place    | Note
-------+----------+-------------------------------------------
     0 | Abyss:1  | DuloT34 the Palentonga Abyssal Knight began the quest for
                  | the Orb.
     0 | Abyss:1  | Reached XP level 1. HP: 19/19 MP: 2/2
    29 | Abyss:1  | Found a corrupted altar of Lugonu.
    29 | Abyss:1  | Noticed a kobold brigand
    29 | Abyss:1  | Noticed a kobold brigand
    29 | Abyss:1  | Noticed a kobold brigand
    29 | Abyss:1  | Noticed a kobold brigand
    29 | Abyss:1  | Noticed a kobold brigand
    29 | Abyss:1  | Noticed a kobold brigand
    29 | Abyss:1  | Noticed a kobold brigand
    29 | Abyss:1  | Noticed a kobold brigand
    31 | D:1      | Escaped the Abyss
   456 | D:1      | Found a faded altar of an unknown god.
   483 | D:1      | Reached skill level 1 in Dodging
   483 | D:1      | Reached ** piety under Lugonu
   841 | D:1      | Reached XP level 2. HP: 20/25 MP: 3/3
  1374 | D:1      | Reached XP level 3. HP: 25/31 MP: 4/4
  2013 | D:2      | Reached XP level 4. HP: 19/37 MP: 5/5
  2360 | D:2      | Reached *** piety under Lugonu
  2966 | D:3      | Killed from afar by an orc wizard

Illustrated notes

Levels and vault maps discovered:
D:1:      wander_arrival_abandoned_jail, layout_basic,
          hellmonk_ecumenical_altar_inner_sanctum
D:2:      layout_basic
D:3:      layout_basic, serial_shops, shop

Skill      XL: |  1  2  3 |
---------------+----------+-----
Dodging        | 1 2 |  2.5
Axes           | 3 |  3.6
Fighting       | |  3.0
Armour         | |  1.5
Invocations    | |  2.0

Action                   |  1- 3 |  4- 6 || total
-------------------------+-------+-------++-------
Melee: Hand axe          |    92 |    35 ||   127
       Tailslap          |    13 |     2 ||    15
       Punch             |     4 |       ||     4
Invok: Depart the Abyss  |     1 |       ||     1
  Use: Potion            |     2 |       ||     2
       Scroll            |     1 |       ||     1
Armor: Leather armour    |    40 |     9 ||    49
Dodge: Dodged            |    47 |    29 ||    76

Table legend: (Time is in decaauts)
 A = Elapsed time spent in this place.
 B = Non-inter-level travel time spent in this place.
 C = Inter-level travel time spent in this place.
 D = Time resting spent in this place.
 E = Time spent auto-exploring this place.
 F = Levels seen in this place.
 G = Mean time per level.
                   A        B        C        D        E       F      G
               +--------+--------+--------+--------+--------+-----+--------+
         Total |   2972 |   2893 |     79 |    713 |   1851 |   4 |  743.0 |
       Dungeon |   2940 |   2861 |     79 |    713 |   1822 |   3 |  980.0 |
         Abyss |     32 |     32 |      0 |      0 |     29 |   1 |   32.0 |
               +--------+--------+--------+--------+--------+-----+--------+

Top non-repeatable levels by time:
     D:1: 1898 daAuts
     D:2: 744 daAuts
     D:3: 297 daAuts
 Abyss:1: 32 daAuts
